 Dungeon Crawl Stone Soup version 0.23.2-33-g5129a83184 (webtiles) character file.

Game seed: 9809919444056505850

8435 H0rd4k the Thaumaturge (level 11, -1/54 HPs)
             Began as a Deep Elf Wizard on July 11, 2019.
             Was an Elder of Sif Muna.
             Slain by a polar bear simulacrum (10 damage)
             ... on level 10 of the Dungeon.
             The game lasted 00:34:48 (12358 turns).

H0rd4k the Thaumaturge (Deep Elf Wizard)           Turns: 12358, Time: 00:34:50

Health: -1/54      AC:  4    Str:  4    XL:     11   Next: 9%
Magic:  16/40      EV: 15    Int: 27    God:    Sif Muna [****..]
Gold:   633        SH:  0    Dex: 13    Spells: 25/39 levels left

rFire    . . .     SeeInvis .   i - +1 dagger (venom)
rCold    . . .     Gourm    .   (no shield)
rNeg     . . .     Faith    .   a - +0 robe
rPois    .         Spirit   .   n - +2 hat
rElec    .         Reflect  .   (no cloak)
rCorr    .         Harm     .   (no gloves)
MR       +....                  (no boots)
Stlth    ++++......             (no amulet)
HPRegen  0.18/turn              k - ring of stealth
MPRegen  0.27/turn              w - ring of magical power

@: no status effects
A: no striking features
a: Divine Energy, Channel Magic, Forget Spell, Renounce Religion


You were on level 10 of the Dungeon.
You worshipped Sif Muna.
Sif Muna was greatly pleased with you.
You were hungry.

You visited 2 branches of the dungeon, and saw 11 of its levels.
You also visited: Sewer.

You collected 633 gold pieces.

Inventory:

Hand Weapons
 i - a +1 dagger of venom (weapon)
 m - a +3 short sword of flaming
 G - a +2 dagger of draining
Armour
 a - a +0 robe (worn)
 b - a +0 hat
 n - a +2 hat (worn)
Jewellery
 k - a ring of stealth (left hand)
 q - a +3 ring of dexterity
 s - an uncursed ring of protection from cold
 w - a ring of magical power (right hand)
 F - an uncursed ring of wizardry
 J - an uncursed ring of poison resistance
Wands
 u - a wand of digging (4)
 v - a wand of polymorph (7)
 H - a wand of acid (9)
 K - a wand of paralysis (13)
 L - a wand of flame (14)
 P - a wand of iceblast (8)
Scrolls
 c - 13 scrolls of teleportation
 e - 8 scrolls of remove curse
 f - a scroll of random uselessness {unknown}
 h - 4 scrolls of fear
 j - a scroll of enchant armour {unknown}
 t - 2 scrolls of magic mapping {unknown}
 x - 3 scrolls of enchant weapon {unknown}
 y - 2 scrolls of fog {unknown}
 D - 4 scrolls of identify
 E - a scroll of noise {unknown}
 I - a scroll of brand weapon {unknown}
 N - a scroll of blinking {unknown}
 R - a scroll of immolation {unknown}
Potions
 g - 2 potions of lignification
 l - 4 potions of might
 o - 2 potions of heal wounds
 p - 3 potions of flight
 r - 2 potions of agility {unknown}
 z - 2 potions of magic
 A - 3 potions of haste {unknown}
 B - 2 potions of degeneration {unknown}
 C - a potion of brilliance {unknown}
 M - a potion of curing {unknown}
 O - a potion of mutation {unknown}
Comestibles
 d - 13 rations
 Q - 3 chunks of flesh


   Skills:
 + Level 5.4 Dodging
 + Level 5.0 Stealth
 + Level 14.7 Spellcasting
 + Level 10.9 Conjurations
   Level 1.1 Summonings
 + Level 2.6 Translocations
 * Level 5.3 Fire Magic
 + Level 2.7 Evocations


You had 25 spell levels left.
You knew the following spells:

 Your Spells              Type           Power        Failure   Level  Hunger
a - Magic Dart            Conj           ####         1%          1    None
b - Blink                 Tloc           N/A          1%          2    None
c - Conjure Flame         Conj/Fire      ######..     1%          3    None
d - Searing Ray           Conj           ######       1%          2    None
e - Bolt of Fire          Conj/Fire      ######....   14%         6    ####...

Your spell library contained the following spells:

 Spells                   Type           Power        Failure   Level  Hunger
 Mephitic Cloud           Conj/Pois/Air  #####...     1%          3    None
 Call Imp                 Summ           ####....     2%          2    None
 Slow                     Hex            ###.....     4%          2    None
 Simulacrum               Ice/Necr       ###.......   99%         6    ####...


Dungeon Overview and Level Annotations

Branches:
Dungeon (10/15)            Temple (1/1) D:5
   Lair: D:8-11         Orc: D:9-12

Altars:
Ashenzari
Cheibriados
Dithmenos
Elyvilon
Fedhas
Gozag
Hepliaklqana
Kikubaaqudgha
Makhleb
Nemelex Xobeh
Okawaru
Qazlal
Ru
Sif Muna
Trog
Uskayaw
Vehumet
Wu Jian
Xom
Yredelemnul
Zin
The Shining One

Annotations:
D:1 exclusion: downstairs
D:2 exclusion: 2 downstairs
D:3 exclusion: worker ant, Robin
D:4 exclusion: downstairs
D:5 exclusion: 2 downstairs
D:7 exclusion: downstairs
D:8 exclusion: downstairs
D:9 exclusion: downstairs


Message History

Sif Muna accepts your kill.
The river rat simulacrum is engulfed in blazing flames.
The river rat simulacrum vapourises!
Sif Muna accepts your kill.
The wolf simulacrum is engulfed in blazing flames.
The wolf simulacrum vapourises!
Sif Muna accepts your kill.
The yak simulacrum is engulfed in blazing flames.
The yak simulacrum gores you! The yak simulacrum freezes you!
* * * LOW HITPOINT WARNING * * *
The yak simulacrum is engulfed in blazing flames.
The yak simulacrum vapourises!
Sif Muna accepts your kill.
The polar bear simulacrum is engulfed in blazing flames.
The polar bear simulacrum barely misses you.
The polar bear simulacrum closely misses you.
The polar bear simulacrum claws you.
* * * LOW HITPOINT WARNING * * *
The polar bear simulacrum freezes you!
You die...

#.....<.......#...........
#........<....#...........
#........)................
#......######............
#..P⌠P.'....#............
#......#....#............
#..#####....#............
#. #...#....#............
# #...Z@.###............
#...#...)#..##########
..##########..##########
#.............).........
####....#.#...#.########
#...##.#.#.#.######## #...
#.###.#.........
###+###...(.#.........
......................


You could see a polar bear simulacrum.

Vanquished Creatures
  2 two-headed ogres (D:9)
  An unseen horror (D:10)
  A necromancer (D:10)
  Joseph (D:7)
  A gargoyle (D:10)
  2 hippogriffs (D:8)
  Eustachio (D:5)
  A hungry ghost (D:9)
  5 yaks
  3 sky beasts
  A black bear (D:10)
  2 orc warriors (D:9)
  2 ice beasts
  A necrophage (D:7)
  3 phantoms
  2 centaurs
  3 ogres
  A crocodile (D:8)
  4 big kobolds
  A wyvern skeleton (D:10)
  6 scorpions
  3 killer bees (D:9)
  5 crimson imps
  A centaur zombie (D:8)
  A bullfrog zombie (D:8)
  3 quasits
  4 hounds
  6 jellies
  A bullfrog skeleton (D:8)
  A centaur skeleton (D:8)
  A gnoll shaman (D:6)
  6 orc priests
  7 orc wizards
  Jessica (D:2)
  2 iguanas
  Natasha (thrice) (D:2)
  2 yak simulacra (D:10)
  4 worker ants
  2 polar bear simulacra (D:10)
  2 wolf simulacra (D:10)
  3 hound skeletons
  A worker ant zombie (D:6)
  8 adders
  4 gnolls (D:6)
  2 river rats
  A shadow imp (D:7)
  8 oozes
  5 adder zombies
  6 worms
  3 dart slugs
  3 leopard geckos
  33 orcs
  2 ball pythons
  7 giant cockroaches
  11 goblins
  9 hobgoblins
  23 jackals
  A quokka (D:6)
  9 bats
  7 frilled lizards
  17 kobolds
  A leopard gecko skeleton (D:4)
  8 rats
  4 river rat simulacra (D:10)
275 creatures vanquished.

Notes
Turn   | Place    | Note
-------+----------+-------------------------------------------
     0 | D:1      | H0rd4k the Deep Elf Wizard began the quest for the Orb.
     0 | D:1      | Reached XP level 1. HP: 10/10 MP: 7/7
   312 | D:1      | Reached XP level 2. HP: 15/15 MP: 2/9
   403 | D:1      | Reached skill level 5 in Spellcasting
   980 | D:1      | Reached XP level 3. HP: 19/19 MP: 7/11
   984 | D:1      | Learned a level 2 spell: Blink
   988 | D:1      | Learned a level 3 spell: Conjure Flame
  1120 | D:2      | Noticed Natasha
  1405 | D:2      | Found a white marble altar of Elyvilon.
  1439 | D:2      | Reached XP level 4. HP: 24/24 MP: 4/13
  1643 | D:2      | Found a basalt altar of Yredelemnul.
  1643 | D:2      | Found a faded altar of an unknown god.
  1648 | D:2      | Found a bloodstained altar of Trog.
  1650 | D:2      | Found a radiant altar of Vehumet.
  1660 | D:2      | Killed Natasha
  1660 | D:2      | Reached skill level 6 in Spellcasting
  1660 | D:2      | Reached skill level 1 in Fire Magic
  1715 | D:2      | Found a sparkling altar of Nemelex Xobeh.
  1816 | D:2      | Found a snail-covered altar of Cheibriados.
  2097 | D:2      | Noticed Jessica
  2103 | D:2      | Killed Jessica
  2130 | D:2      | Reached XP level 5. HP: 28/28 MP: 8/15
  2355 | D:2      | Noticed Natasha
  2362 | D:2      | Killed Natasha
  2537 | D:2      | Noticed Natasha
  2542 | D:2      | Killed Natasha
  2927 | D:3      | Noticed Robin
  3043 | D:3      | Reached XP level 6. HP: 32/32 MP: 13/17
  3459 | D:4      | Found a hide-covered altar of Uskayaw.
  3459 | D:4      | Noticed a +0 dagger
  3459 | D:4      | Noticed a +0 hand axe
  3567 | D:4      | Reached skill level 7 in Spellcasting
  4164 | D:4      | Reached XP level 7. HP: 36/36 MP: 16/20
  4393 | D:5      | Entered Level 5 of the Dungeon
  4403 | D:5      | Noticed Eustachio
  4562 | D:5      | Reached skill level 8 in Spellcasting
  4734 | D:5      | Found a deep blue altar of Sif Muna.
  4737 | D:5      | Became a worshipper of Sif Muna the Loreminder
  4764 | D:5      | Found a staircase to the Ecumenical Temple.
  4780 | D:5      | Reached skill level 5 in Conjurations
  4923 | D:5      | Killed Eustachio
  4923 | D:5      | Reached skill level 9 in Spellcasting
  5101 | D:5      | Found a glowing drain.
  5110 | Sewer    | Entered a sewer
  5282 | Sewer    | Reached XP level 8. HP: 41/41 MP: 22/23
  5596 | Sewer    | Reached * piety under Sif Muna
  5960 | D:5      | Reached skill level 10 in Spellcasting
  6867 | Temple   | Entered the Ecumenical Temple
  7351 | D:6      | Reached skill level 11 in Spellcasting
  7820 | D:7      | Reached XP level 9. HP: 35/45 MP: 26/26
  7879 | D:7      | Reached ** piety under Sif Muna
  7999 | D:7      | Noticed Joseph
  8007 | D:7      | Killed Joseph
  8007 | D:7      | Reached skill level 1 in Evocations
  8171 | D:7      | Found an iron altar of Okawaru.
  8171 | D:7      | Found a shadowy altar of Dithmenos.
  9088 | D:8      | Reached skill level 12 in Spellcasting
  9471 | D:8      | Reached *** piety under Sif Muna
 10322 | D:9      | Noticed a two-headed ogre
 10334 | D:9      | Reached XP level 10. HP: 47/50 MP: 23/28
 10639 | D:9      | Killed a two-headed ogre
 10639 | D:9      | Reached **** piety under Sif Muna
 10639 | D:9      | Reached skill level 13 in Spellcasting
 10639 | D:9      | Reached skill level 10 in Conjurations
 10727 | D:9      | Found a burning altar of Makhleb.
 10972 | D:9      | Reached skill level 5 in Dodging
 11303 | D:9      | Reached skill level 14 in Spellcasting
 11405 | D:9      | Noticed a two-headed ogre
 11417 | D:9      | Killed a two-headed ogre
 11417 | D:9      | Reached ***** piety under Sif Muna
 11417 | D:9      | Identified Bissowurgh's Reference Book on Hurtful Snow (Sif
                  | Muna gifted it to you on level 9 of the Dungeon)
 11417 | D:9      | Received a gift from Sif Muna
 11427 | D:9      | Reached skill level 5 in Stealth
 11530 | D:9      | Learned a level 2 spell: Searing Ray
 11537 | D:9      | Learned a level 6 spell: Bolt of Fire
 11556 | D:10     | Entered Level 10 of the Dungeon
 11559 | D:10     | Noticed a necromancer
 11999 | D:10     | Noticed a gargoyle
 12005 | D:10     | Killed an unseen horror
 12144 | D:10     | Killed a gargoyle
 12202 | D:10     | Reached XP level 11. HP: 47/54 MP: 14/31
 12326 | D:10     | Killed a necromancer
 12326 | D:10     | Reached skill level 5 in Fire Magic
 12358 | D:10     | Slain by a polar bear simulacrum

Skill      XL: |  1  2  3  4  5  6  7  8  9 10 11 |
---------------+----------------------------------+-----
Spellcasting   | 5 6 7 9 11 12 14 | 14.7
Dodging        | 3 4 5 |  5.4
Conjurations   | 2 3 4 5 7 9 10 | 10.9
Fire Magic     | 1 2 3 4 5 |  5.3
Stealth        | 3 4 5 |  5.0
Translocations | 2 |  2.6
Evocations     | 2 |  2.7
Summonings     | |  1.1

Action                   |  1- 3 |  4- 6 |  7- 9 | 10-12 || total
-------------------------+-------+-------+-------+-------++-------
Melee: Unarmed           |     3 |       |       |       ||     3
 Cast: Magic Dart        |    99 |   224 |   537 |   158 ||  1018
       Conjure Flame     |       |     3 |    42 |    17 ||    62
       Blink             |       |       |     6 |     4 ||    10
       Bolt of Fire      |       |       |       |    17 ||    17
Evoke: Wand              |       |       |    13 |     3 ||    16
  Use: Scroll            |       |       |     7 |       ||     7
       Potion            |       |       |     1 |       ||     1
  Eat: Chunk             |     1 |     9 |    10 |     3 ||    23
       Ration            |       |       |     2 |     2 ||     4
Armor: Robe              |    14 |     4 |    27 |     8 ||    53
Dodge: Dodged            |    25 |    23 |    62 |    35 ||   145
